 Dungeon Crawl Stone Soup version 0.30-a0-341-g682706514a (webtiles) character file.

Game seed: 10725382959114339754

3355 Lobster4 the Summoner (level 10, -4/78 HPs)
             Began as a Hill Orc Summoner on Nov 3, 2022.
             Was an Initiate of Elyvilon.
             Slain by a killer bee (5 damage)
             ... while paralysed by an orc
             ... on level 8 of the Dungeon.
             The game lasted 00:49:31 (11605 turns).

Lobster4 the Summoner (Hill Orc Summoner)          Turns: 11605, Time: 00:49:31

Health: -4/78      AC:  4    Str: 12    XL:     10   Next: 3%
Magic:  13/16      EV:  2    Int: 19    God:    Elyvilon [......]
Gold:   376        SH:  0    Dex: 11    Spells: 9/17 levels left

rFire   . . .      SeeInvis .    H - +3 flail (vorpal)
rCold   . . .      Faith    .    g - +1 buckler
rNeg    . . .      Spirit   .    m - +0 leather armour
rPois   .          Reflect  .    L - +0 helmet
rElec   .          Harm     .    (no cloak)
rCorr   +          Rampage  .    (no gloves)
Will    .....                    (no boots)
Stlth   +.........               (no amulet)
HPRegen 0.33/turn                t - ring of resist corrosion
MPRegen 0.15/turn                (no ring)

@: paralysed, about to teleport
A: no striking features
a: Renounce Religion


You were on level 8 of the Dungeon.
You worshipped Elyvilon.
Elyvilon was noncommittal.
You visited 2 branches of the dungeon, and saw 9 of its levels.
You also visited: Ossuary.

You collected 376 gold pieces.

Inventory:

Hand Weapons
 a - a +0 war axe
 b - a +0 sling
 e - a +0 hand axe
 u - a +0 battleaxe
 A - a +1 long sword of protection
 G - a +1 flail of protection
 H - a +3 vorpal flail (weapon)
 K - a +2 whip of freezing
Missiles
 d - 5 atropa-tipped darts
 j - 69 stones
 D - 25 poisoned darts
 E - 5 boomerangs
Armour
 c - a +0 robe
 g - a +1 buckler (worn)
 i - a +0 scale mail
 m - a +0 leather armour (worn)
 L - a +0 helmet (worn)
Jewellery
 t - a ring of resist corrosion (left hand)
Wands
 h - a wand of acid (5)
 I - a wand of digging (2)
 J - a wand of flame (24)
 O - a wand of iceblast (4)
Scrolls
 f - 2 scrolls of teleportation
 n - a scroll of silence
 r - 2 scrolls of fog
 C - 2 scrolls of poison
Potions
 k - 2 potions of heal wounds {unknown}
 l - a potion of haste
 o - 4 potions of lignification {unknown}
 p - 3 potions of might
 q - 4 potions of magic
 s - a potion of degeneration {unknown}
 v - a potion of cancellation
 w - a potion of berserk rage
 x - 2 potions of brilliance
 z - 2 potions of curing
 F - 2 potions of resistance


   Skills:
 - Level 4.0 Fighting
 - Level 2.0(2.9) Axes
 - Level 2.7(3.0) Maces & Flails
 - Level 1.0 Throwing
 - Level 5.0 Armour
 + Level 4.3 Dodging
 - Level 1.5 Stealth
 - Level 5.0 Shields
 + Level 4.1 Spellcasting
 * Level 8.0 Summonings
 + Level 1.9 Air Magic
 + Level 2.3 Invocations
 - Level 3.0 Evocations


You had 9 spell levels left.
You knew the following spells:

 Your Spells              Type           Power      Damage    Failure   Level
a - Summon Small Mammal   Summ           100%       N/A       1%          1
b - Call Canine Familiar  Summ           34%        N/A       2%          3
d - Summon Lightning Spi  Summ/Air       22%        N/A       28%         4

Your spell library contained the following spells:

 Spells                   Type           Power      Damage    Failure   Level
 Call Imp                 Summ           34%        N/A       1%          2
 Summon Guardian Golem    Hex/Summ       19%        N/A       13%         3
 Static Discharge         Conj/Air       14%        2-3/arc   22%         2
 Ensorcelled Hibernation  Hex/Ice        6%         N/A       32%         2
 Vhi's Electric Charge    Tloc/Air       14%        N/A       41%         3
 Inner Flame              Hex/Fire       3%         N/A       54%         3
 Ozocubu's Armour         Ice            3%         N/A       54%         3
 Spider Form              Tmut/Pois      3%         N/A       54%         3
 Anguish                  Hex/Necr       1%         N/A       91%         4
 Flame Wave               Conj/Fire      3%         2d5       91%         4
 Sticky Flame             Conj/Fire      3%         2d3       91%         4
 Arcjolt                  Conj/Air       3%         1d13      99%         5
 Lightning Bolt           Conj/Air       3%         1d15      99%         5
 Metabolic Englaciation   Hex/Ice        1%         N/A       99%         5
 Simulacrum               Ice/Necr       1%         N/A       100%        6


Dungeon Overview and Level Annotations

Branches:
Dungeon (8/15)             Temple (1/1) D:7         Ossuary (visited)
   Lair: D:8-11

Altars:
Ashenzari
Cheibriados
Dithmenos
Elyvilon
Fedhas
Gozag
Kikubaaqudgha
Makhleb
Nemelex Xobeh
Okawaru
Qazlal
Ru
Sif Muna
Trog
Uskayaw
Vehumet
Wu Jian
Xom
Yredelemnul
Zin
The Shining One

Shops:
D:4 *   D:5 [(

Annotations:
D:7 1 runed translucent door, Maggie; bakla's ghost, novice DsAr


Message History

The orc barely misses your quokka. The orc warrior closely misses you.
The orc warrior barely misses your wolf.
The orc warrior hits your bat with a +0 war axe!
Your bat dies!
Your bat's corpse disappears in a puff of smoke!
The orc warrior hits your quokka with a +0 war axe!
Elyvilon protects your quokka from harm!
You closely miss the orc warrior.
The orc warrior is severely wounded.
The killer bee misses you.
Your wolf bites the orc warrior.
The killer bee closely misses you.
Your quokka barely misses the orc.
Your wolf bites the orc warrior.
The orc misses your quokka.
The orc warrior hits you with a +0 war axe!
The orc warrior hits your quokka with a +0 war axe!
Your quokka dies!
Your quokka's corpse disappears in a puff of smoke!
The orc warrior hits your wolf with a +0 war axe!
Your wolf dies!
Your wolf's corpse disappears in a puff of smoke!
You block the killer bee's attack.
As you read the scroll of teleportation, it crumbles to dust.
You feel strangely unstable.
The killer bee stings you but does no damage.
The orc zaps a wand.
You suddenly lose the ability to move!
The orc warrior hits you with a +0 war axe.
The killer bee stings you.
* * * LOW HITPOINT WARNING * * *
The killer bee stings you but does no damage.
The killer bee stings you.
* * * LOW HITPOINT WARNING * * *
The killer bee stings you!
* * * LOW HITPOINT WARNING * * *
The orc zaps a wand.
You easily resist.
The orc warrior hits you with a +0 war axe!
* * * LOW HITPOINT WARNING * * *
The killer bee stings you but does no damage.
The killer bee stings you.
* * * LOW HITPOINT WARNING * * *
The killer bee stings you.
You die...

*,,,,,* *,,...*********
*,,...,,,,,,,,,
*,....,,,,,****
*.[...,***** *##....,**
#####o....,**
###...)o####.#*********
#...<.@y......,,,,,,,,,
#......y......,*,***,,,
#..##.........,,,,,,,,,
#..*#####.....,,,,,,,,,
#.,,* **,####.,,,,,,***
#.,,***,**,,,*******,,,
#,,,**,*,,*,,*******,,*
**,,*,*,*****,,*,*,,***
*,,,**,**,,,**,,,**,,,


You could see an orc warrior, 2 killer bees and an orc.

Vanquished Creatures
  A two-headed ogre (D:7)
  A sky beast (D:8)
  2 ice beasts
  A kobold brigand (D:6)
  2 bullfrogs
  A scorpion (D:6)
  A water moccasin zombie (Ossuary)
  A killer bee (D:7)
  2 hounds
  An orc priest (D:7)
  A jelly (D:7)
  A human skeleton (D:4)
  An orc wizard (D:6)
  3 gnolls (D:5)
  A white imp (D:8)
  An adder zombie (Ossuary)
  2 dart slugs
  8 orcs
  2 ball pythons
  4 endoplasms
  2 giant cockroaches
  A gnoll zombie (Ossuary)
  4 goblins (D:5)
  7 hobgoblins
  A quokka (D:2)
  3 frilled lizards
  6 kobolds
  An orc skeleton (D:4)
62 creatures vanquished.

Vanquished Creatures (collateral kills)
  2 black bears (D:7)
  2 ogres (D:5)
  An orc warrior (D:7)
  A kobold brigand (D:7)
  3 bullfrogs
  2 elf skeletons (D:4)
  2 scorpions
  A necrophage (D:6)
  5 water moccasin zombies (Ossuary)
  An electric eel (D:7)
  3 hounds
  An orc priest (D:4)
  A human skeleton (D:4)
  A gnoll bouda (D:6)
  2 mummies (Ossuary)
  Robin (D:2)
  12 adders
  9 gnolls
  A white imp (D:7)
  3 adder zombies (Ossuary)
  3 worms
  10 dart slugs
  27 orcs
  2 ball pythons
  A bat (D:2)
  An endoplasm (D:2)
  2 giant cockroaches (D:4)
  2 gnoll zombies (Ossuary)
  11 goblins
  7 hobgoblins
  22 kobolds
  4 quokkas
  2 hobgoblin zombies (Ossuary)
  3 kobold zombies (Ossuary)
  6 orc zombies
  A rat (D:1)
158 creatures vanquished.

Vanquished Creatures (others)
  A plant (D:5)
1 creature vanquished.

Grand Total: 221 creatures vanquished

Notes
Turn   | Place    | Note
-------+----------+-------------------------------------------
     0 | D:1      | Lobster4 the Hill Orc Summoner began the quest for the Orb.
     0 | D:1      | Reached XP level 1. HP: 14/14 MP: 3/3
   383 | D:1      | Reached XP level 2. HP: 22/22 MP: 1/4
   506 | D:1      | Found a faded altar of an unknown god.
  1050 | D:1      | Reached skill level 1 in Fighting
  1393 | D:2      | Found a glowing silver altar of Zin.
  1419 | D:2      | Reached skill level 1 in Armour
  1419 | D:2      | Reached XP level 3. HP: 11/28 MP: 2/5
  1572 | D:2      | Learned a level 2 spell: Call Imp
  1952 | D:2      | Reached skill level 1 in Shields
  1952 | D:2      | Reached XP level 4. HP: 35/35 MP: 3/6
  2148 | D:2      | Noticed Robin
  2858 | D:3      | Found a snail-covered altar of Cheibriados.
  2866 | D:3      | Found a sparkling altar of Nemelex Xobeh.
  2866 | D:3      | Found an opulent altar of Gozag.
  3218 | D:3      | Reached XP level 5. HP: 36/41 MP: 5/8
  3277 | D:3      | Found a radiant altar of Vehumet.
  4042 | D:4      | Reached skill level 1 in Axes
  4147 | D:4      | Learned a level 3 spell: Call Canine Familiar
  4160 | D:4      | Reached skill level 1 in Throwing
  4160 | D:4      | Reached XP level 6. HP: 43/50 MP: 7/9
  4217 | D:4      | Reached skill level 5 in Summonings
  4225 | D:4      | Found a sand-covered staircase.
  4268 | Ossuary  | Entered an ossuary
  4372 | Ossuary  | Reached XP level 7. HP: 43/56 MP: 8/10
  5212 | D:4      | Found Zin's Purification Station.
  5215 | D:4      | Found a glowing silver altar of Zin.
  5257 | D:5      | Entered Level 5 of the Dungeon
  5265 | D:5      | Reached XP level 8. HP: 63/63 MP: 7/12
  5278 | D:5      | Reached skill level 6 in Summonings
  5350 | D:5      | Found Uneviohoir's Antique Armour Shoppe.
  5485 | D:5      | Found Gekogg's Weapon Boutique.
  6885 | D:6      | Found a shimmering altar of Xom.
  6892 | D:6      | Found a bloodstained altar of Trog.
  6892 | D:6      | Found an iron altar of Okawaru.
  6894 | D:6      | Found a sacrificial altar of Ru.
  6895 | D:6      | Found a shadowy altar of Dithmenos.
  7586 | D:6      | Reached skill level 1 in Evocations
  7693 | D:6      | Found a broken altar of Ashenzari.
  7712 | D:6      | Reached skill level 1 in Maces & Flails
  7953 | D:6      | Reached XP level 9. HP: 62/69 MP: 11/14
  7958 | D:6      | Learned a level 4 spell: Summon Lightning Spire
  8021 | D:6      | Reached skill level 7 in Summonings
  8100 | D:6      | Found a hide-covered altar of Uskayaw.
  9156 | D:7      | Noticed a two-headed ogre
  9306 | D:7      | Reached skill level 1 in Air Magic
  9466 | D:7      | Found a runed translucent door.
  9467 | D:7      | Found a shimmering altar of Xom.
  9467 | D:7      | Noticed bakla's ghost (novice DsAr)
  9467 | D:7      | Noticed a +1 mace of chaos
  9490 | D:7      | Found a burning altar of Makhleb.
  9738 | D:7      | Found a staircase to the Ecumenical Temple.
  9761 | Temple   | Entered the Ecumenical Temple
  9876 | Temple   | Became a worshipper of Elyvilon the Healer
  9967 | D:7      | Reached skill level 5 in Armour
 10325 | D:7      | Noticed Maggie
 10550 | D:2      | Killed Robin
 10689 | D:8      | Reached skill level 1 in Invocations
 10715 | D:7      | Reached skill level 5 in Shields
 10945 | D:7      | Killed a two-headed ogre
 10946 | D:7      | Reached skill level 8 in Summonings
 11092 | D:8      | Reached XP level 10. HP: 48/78 MP: 12/16
 11331 | D:8      | Noticed a two-headed ogre
 11346 | D:8      | Elyvilon protects you from harm!
 11347 | D:8      | Elyvilon protects you from harm!
 11603 | D:8      | Paralysed by an orc for 4 turns
 11604 | D:8      | HP: 2/78 [orc warrior/+0 war axe (9)]
 11605 | D:8      | Slain by a killer bee

Illustrated notes

Levels and vault maps discovered:
D:1:      matt_arrival_diagonals, layout_basic,
          shapermc_ecumenical_altar_acropolis, nicolae_titane
D:2:      layout_basic, basic_altar, uniq_robin
D:3:      layout_loops_ring, grunt_temple_overflow_opulence,
          cheibrodos_worm_habitat, nicolae_vehumet_radiance,
          minmay_misc_feat_iff
D:4:      layout_rooms, zin_purify, nicolae_ossuary_entry_catacombs
D:5:      corexii_shantytown, layout_basic, serial_shops,
          nicolae_shop_bloodbath_and_beyond, nicolae_stop_n_shop_1
D:6:      layout_loops_corners, eat_drink_and_be_merry_uskayaw,
          grunt_temple_overflow_open, evilmike_ruin_ashenzari
D:7:      kennysheep_slugbush, layout_basic, mainiacjoe_overflow_tiny_flanked,
          minmay_temple_entry_stoned_glass, ebering_ghost_xom,
          hangedman_decor_clover_reticule, uniq_maggie
D:8:      minmay_ornate_pinched, layout_rooms
Temple:   nicolae_temple_superstar

Skill      XL: |  1  2  3  4  5  6  7  8  9 |
---------------+----------------------------+-----
Fighting       | 1 2 3 4 |  4.0
Armour         | 1 2 3 4 5 |  5.0
Dodging        | 2 3 4 |  4.3
Shields        | 1 2 3 4 5 |  5.0
Spellcasting   | 2 3 4 |  4.1
Axes           | 1 2 |  2.0
Throwing       | 1 |  1.0
Summonings     | 5 6 8 |  8.0
Evocations     | 1 3 |  3.0
Maces & Flails | 1 2 |  2.7
Air Magic      | 1 |  1.9
Invocations    | 2 |  2.3
Stealth        | |  1.5

Action                   |  1- 3 |  4- 6 |  7- 9 | 10-12 || total
-------------------------+-------+-------+-------+-------++-------
Melee: Short sword       |    87 |    32 |       |       ||   119
       Hand axe          |       |    19 |       |       ||    19
       Punch             |       |     3 |     1 |       ||     4
       War axe           |       |    39 |    70 |       ||   109
       Flail             |       |       |   119 |    10 ||   129
Throw: Dart              |       |     1 |       |       ||     1
 Cast: Summon Small Mamm |    36 |    53 |   144 |     9 ||   242
       Call Imp          |     2 |    23 |    57 |       ||    82
       Call Canine Famil |       |       |    37 |     4 ||    41
Evoke: Wand              |       |       |     5 |       ||     5
  Use: Potion            |     2 |       |       |     1 ||     3
       Scroll            |     1 |     9 |     8 |     6 ||    24
 Stab: Sleeping          |     3 |     3 |     2 |       ||     8
       Distracted        |     1 |     1 |     3 |       ||     5
Armor: Robe              |     9 |    14 |    13 |       ||    36
       Leather armour    |       |       |    28 |     7 ||    35
Dodge: Dodged            |    62 |    53 |   167 |    20 ||   302
Block: Buckler           |       |       |    13 |    13 ||    26

Table legend: (Time is in decaauts)
 A = Elapsed time spent in this place.
 B = Non-inter-level travel time spent in this place.
 C = Inter-level travel time spent in this place.
 D = Time resting spent in this place.
 E = Time spent auto-exploring this place.
 F = Levels seen in this place.
 G = Mean time per level.
                   A        B        C        D        E       F      G
               +--------+--------+--------+--------+--------+-----+--------+
         Total |  11743 |  11065 |    678 |   2867 |   5149 |  10 | 1174.3 |
       Dungeon |  11024 |  10363 |    661 |   2586 |   5020 |   8 | 1378.0 |
        Temple |    133 |    116 |     17 |      0 |     99 |   1 |  133.0 |
       Ossuary |    585 |    585 |      0 |    281 |     30 |   1 |  585.0 |
               +--------+--------+--------+--------+--------+-----+--------+

Top non-repeatable levels by time:
     D:7: 2539 daAuts
     D:6: 1713 daAuts
     D:5: 1614 daAuts
     D:1: 1423 daAuts
     D:2: 1401 daAuts
     D:3: 1185 daAuts
     D:4: 907 daAuts
 Ossuary: 585 daAuts
     D:8: 240 daAuts
  Temple: 133 daAuts
